 Dungeon Crawl Stone Soup version 0.28.0-53-g5a82cb258f (webtiles) character file.

Game seed: 8092397460632997973

11860 Infinimo the Basher (level 11, -16/124 HPs)
             Began as an Ogre Gladiator on June 3, 2022.
             Was a High Priest of Okawaru.
             Killed from afar by a gargoyle (17 damage)
             ... with a stone arrow
             ... on level 11 of the Dungeon.
             The game lasted 00:21:17 (19554 turns).

Infinimo the Basher (Ogre Gladiator)               Turns: 19554, Time: 00:21:17

Health: -16/124    AC:  4    Str: 24    XL:     11   Next: 84%
Magic:  11/11      EV: 14    Int:  9    God:    Okawaru [*****.]
Gold:   1166       SH:  0    Dex: 15    Spells: 10/10 levels left

rFire   . . .      SeeInvis +   r - +2 whip (venom)
rCold   . . .      Faith    .   (no shield)
rNeg    . . .      Spirit   .   n - +0 robe {Will+}
rPois   +          Reflect  .   c - +1 hat
rElec   .          Harm     .   (no cloak)
rCorr   .          Rampage  .   (gloves unavailable)
Will    ++...                   (boots unavailable)
Stlth   +.........              (no amulet)
HPRegen 0.30/turn               s - ring "Oskoc" {rPois Dex+5 SInv}
MPRegen 0.12/turn               (no ring)

@: about to teleport, studying Unarmed Combat
A: large, unfitting armour, tough skin 1
a: Renounce Religion, Heroism, Finesse, Duel


You were on level 11 of the Dungeon.
You worshipped Okawaru.
Okawaru was extremely pleased with you.
You visited 2 branches of the dungeon, and saw 12 of its levels.
You also visited: Bailey.

You collected 1360 gold pieces.
You spent 194 gold pieces at shops.

Inventory:

Hand Weapons
 b - a +2 morningstar
 p - a +5 flail
 r - a +2 whip of venom (weapon)
 w - a +1 whip of electrocution
Missiles
 t - 8 poisoned darts
 y - 7 large rocks (quivered)
 D - a throwing net
Armour
 c - a +1 hat (worn)
 n - a +0 robe of willpower (worn)
Jewellery
 l - the macabre finger necklace {rN+}
   (You took it off an orc warrior in a bailey)

   [amulet of nothing]

   It enables you to equip an extra ring.
   rN:        It protects you from negative energy.
 s - the ring "Oskoc" (left hand) {rPois Dex+5 SInv}
   (You acquired it on level 7 of the Dungeon)

   [ring of see invisible]

   Dex:       It affects your dexterity (+5).
   rPois:     It protects you from poison.
   SInv:      It lets you see invisible.
 B - a +6 ring of dexterity
Wands
 a - a wand of flame (29)
 k - a wand of mindburst (6)
 q - a wand of iceblast (12)
Scrolls
 d - a scroll of fog
 e - 3 scrolls of teleportation
 z - 2 scrolls of enchant weapon
 E - a scroll of fear {unknown}
Potions
 f - a potion of ambrosia
 g - 8 potions of curing
 i - a potion of flight
 j - 4 potions of haste
 m - a potion of lignification
 o - a potion of attraction
 u - 3 potions of degeneration
 v - 2 potions of berserk rage
 x - 2 potions of mutation
 A - 3 potions of might
 C - a potion of cancellation {unknown}


   Skills:
 + Level 12.3 Fighting
 * Level 12.4 Maces & Flails
 - Level 2.0 Throwing
 + Level 9.0 Dodging


You had 10 spell levels left.
You didn't know any spells.
Your spell library contained the following spells:

 Spells                   Type           Power      Damage    Failure   Level
 Pain                     Necr           0%         1d4       38%         1
 Sting                    Tmut/Pois      0%         1d3       38%         1
 Poisonous Vapours        Pois/Air       0%         N/A       52%         2
 Gell's Gravitas          Tloc           0%         N/A       77%         3
 Teleport Other           Tloc           0%         N/A       77%         3
 Vampiric Draining        Necr           0%         2d6       77%         3
 Olgreb's Toxic Radiance  Pois           0%         N/A       99%         4
 Dispersal                Tloc           0%         N/A       100%        6
 Animate Skeleton         Necr           Unusable   N/A       N/A         1

Dungeon Overview and Level Annotations

Branches:
Dungeon (11/15)            Temple (1/1) D:6            Lair (0/6) D:9
    Orc (0/2) D:9          Bailey (visited)

Altars:
Ashenzari
Cheibriados
Dithmenos
Elyvilon
Fedhas
Gozag
Hepliaklqana
Kikubaaqudgha
Makhleb
Nemelex Xobeh
Okawaru
Qazlal
Ru
Sif Muna
Trog
Uskayaw
Vehumet
Wu Jian
Xom
Yredelemnul
Zin
The Shining One
Beogh

Shops:
D:1 ?[*   D:2 (   D:8 ?

Annotations:
D:7 1 runed translucent door, Crazy Yiuf


Innate Abilities, Weirdness & Mutations

You are too large for most types of armour.
You have tough skin. (AC +1)


Message History

The stone arrow hits you!!
Found 3 scrolls labelled YREOLE ZAERU.
Found a stone staircase leading down.
A gargoyle is nearby!
A gargoyle is nearby!
You see here a +1 trident of venom.
The gargoyle hits you with a +0 flail!!
You see here a +1 trident of venom.
You closely miss the gargoyle. You hit the gargoyle.
The gargoyle is lightly damaged.
The gargoyle hits you with a +0 flail.
You hit the gargoyle but do no damage. You punch the gargoyle.
The gargoyle is lightly damaged.
You barely miss the gargoyle.
The gargoyle is lightly damaged.
The gargoyle hurls a stone arrow at you.
The stone arrow hits you!!
You hit the gargoyle but do no damage.
The gargoyle is lightly damaged.
The gargoyle hurls a stone arrow at you.
The stone arrow hits you!
The gargoyle hurls a stone arrow at you.
The stone arrow hits you!!
* * * LOW HITPOINT WARNING * * *
You feel much better.
The gargoyle hurls a stone arrow at you.
The stone arrow hits you!!
* * * LOW HITPOINT WARNING * * *
The gargoyle hurls a stone arrow at you.
The stone arrow hits you!
* * * LOW HITPOINT WARNING * * *
The gargoyle hurls a stone arrow at you.
The stone arrow hits you!
* * * LOW HITPOINT WARNING * * *
Okay, then.
As you read the scroll of teleportation, it crumbles to dust.
You feel strangely unstable.
The gargoyle hurls a stone arrow at you.
The stone arrow hits you!
You die...

.# ########### .#..
..[.......# ##.#.#
..........# #.. .#
..........# #.. .#
..........######.##.#
....................# #
......<....###..@...#.#
...........#.....#....#
..........##.#.#...####
..........## #...#.#
..........#
#....9##########
###########
#...#....9.....###
#.#.#.#######....#
#######...#.#........#)#
............#.####...#.#


You could see a gargoyle.

Vanquished Creatures
  Harold (D:7)
  A centaur warrior (D:10)
  Erica (D:8)
  A death yak (D:9)
  Pikel (D:7)
  An orc knight (Bailey)
  3 centaur zombies
  Maggie (D:9)
  A hornet (D:7)
  3 wyverns (D:9)
  2 basilisks (D:9)
  A steam dragon (D:10)
  16 yaks
  10 orc warriors
  A sky beast (D:8)
  2 black bears
  A necrophage (D:6)
  3 ogres
  3 centaurs
  4 lemures (D:7)
  A phantom (D:4)
  2 bullfrogs
  A scorpion (D:5)
  A water moccasin skeleton (D:4)
  10 wights
  3 howler monkeys
  6 hounds
  14 orc priests
  3 bullfrog skeletons
  2 gnoll shamans
  An iguana (D:5)
  15 orc wizards
  A howler monkey zombie (D:10)
  5 adders
  6 gnolls
  A shadow imp (D:6)
  An adder skeleton (D:4)
  4 worms
  4 dart slugs
  66 orcs
  4 bats
  5 endoplasms
  5 giant cockroaches
  11 hobgoblins
  2 quokkas (D:1)
  10 ball pythons
  4 frilled lizards
  15 goblins
  4 kobolds
  6 rats
270 creatures vanquished.

Vanquished Creatures (others)
  2 fungi (D:1)
  3 plants (D:1)
5 creatures vanquished.

Grand Total: 275 creatures vanquished

Notes
Turn   | Place    | Note
-------+----------+-------------------------------------------
     0 | D:1      | Infinimo the Ogre Gladiator began the quest for the Orb.
     0 | D:1      | Reached XP level 1. HP: 22/22 MP: 1/1
   404 | D:1      | Reached XP level 2. HP: 29/29 MP: 2/2
   411 | D:1      | Found a faded altar of an unknown god.
   561 | D:1      | Found Jour's Antique Armour Shop.
   721 | D:1      | Found Bolyse Ucse's Magic Scroll Shop.
   794 | D:1      | Found Xada's Assorted Antiques.
  1283 | D:2      | Reached XP level 3. HP: 35/37 MP: 3/3
  1701 | D:2      | Found Jepoom's Weapon Shoppe.
  1876 | D:2      | Reached XP level 4. HP: 7/46 MP: 4/4
  3062 | D:3      | Reached XP level 5. HP: 45/54 MP: 5/5
  3598 | D:4      | Noticed an ogre
  3623 | D:4      | Killed an ogre
  3624 | D:4      | Reached XP level 6. HP: 63/63 MP: 6/6
  4097 | D:4      | Reached skill level 5 in Fighting
  4097 | D:4      | Reached skill level 5 in Maces & Flails
  4904 | D:4      | Reached XP level 7. HP: 49/72 MP: 7/7
  5744 | D:5      | Entered Level 5 of the Dungeon
  6024 | D:5      | Identified a scroll of acquirement
  6024 | D:5      | Acquired 499 gold pieces
  7015 | D:5      | Reached XP level 8. HP: 20/83 MP: 8/8
  7662 | D:6      | Reached skill level 5 in Dodging
  9361 | D:6      | Reached XP level 9. HP: 20/94 MP: 9/9
  9857 | D:6      | Found a staircase to the Ecumenical Temple.
  9976 | Temple   | Entered the Ecumenical Temple
 10065 | Temple   | Became a worshipper of Warmaster Okawaru
 11095 | D:7      | Reached * piety under Okawaru
 11590 | D:7      | Noticed Pikel
 11617 | D:7      | Killed Pikel
 11618 | D:7      | Reached XP level 10. HP: 78/107 MP: 10/10
 11877 | D:7      | Noticed Harold
 11886 | D:7      | Killed Harold
 11886 | D:7      | Reached ** piety under Okawaru
 12467 | D:7      | Acquired the ring "Oskoc" {rPois Dex+5 SInv}
 12531 | D:7      | Reached skill level 10 in Maces & Flails
 12560 | D:7      | Reached skill level 10 in Fighting
 13106 | D:7      | Found a runed translucent door.
 13107 | D:7      | Noticed Crazy Yiuf
 13623 | D:8      | Found a burning altar of Makhleb.
 13765 | D:8      | Noticed Erica
 13783 | D:8      | Killed Erica
 13783 | D:8      | Reached *** piety under Okawaru
 13956 | D:8      | Found Ykorop Dyefo's Magic Scroll Emporium.
 14810 | D:9      | Found a flagged portal.
 14846 | Bailey   | Entered a bailey
 15459 | Bailey   | Noticed an orc knight
 15626 | Bailey   | Killed an orc knight
 15626 | Bailey   | Reached **** piety under Okawaru
 15627 | Bailey   | Reached XP level 11. HP: 81/120 MP: 11/11
 16057 | D:9      | Found a staircase to the Lair.
 16057 | D:9      | Noticed a death yak
 16232 | D:9      | Killed a death yak
 16246 | D:9      | Reached ***** piety under Okawaru
 16714 | D:9      | Noticed Maggie
 16825 | D:8      | Bought a scroll of enchant weapon for 97 gold pieces
 16825 | D:8      | Bought a scroll of enchant weapon for 97 gold pieces
 16843 | D:9      | Killed Maggie
 17410 | D:9      | Found a staircase to the Orcish Mines.
 17505 | D:10     | Entered Level 10 of the Dungeon
 17609 | D:10     | Noticed a centaur warrior
 17623 | D:10     | Killed a centaur warrior
 17737 | D:10     | Identified the +0 robe "Qaawom" {Harm Regen+ rCorr Slay+2}
 19553 | D:11     | HP: 1/124 [gargoyle/stone arrow (13)]
 19554 | D:11     | Killed from afar by a gargoyle

Illustrated notes

Levels and vault maps discovered:
D:1:      dpeg_arrival_signposts, layout_loops_cross, serial_shops,
          nicolae_shop_crystal, shop_statue, shop,
          shapermc_ecumenical_altar_mp_urbaneastern, supply_closet_lemuel
D:2:      layout_rooms, serial_shops, shop
D:3:      layout_basic
D:4:      kennysheep_the_goblin_king, layout_gridville,
          kennysheep_generic_room_13
D:5:      layout_rooms, nicolae_zen_rock_garden
D:6:      layout_basic, minmay_temple_entry_poolview
D:7:      layout_loops_corners, uniq_pikel, uniq_harold, uniq_crazy_yiuf_cottage
D:8:      layout_basic, lightli_temple_of_fire, serial_shops,
          nicolae_take_the_stairs, david_defended_altar_orc, uniq_erica
D:9:      layout_cave_pools, david_lair_generic, hiddenorc1_lemuel,
          enter_bailey_4, uniq_maggie
D:10:     layout_basic, hex_intersection
D:11:     layout_basic
Temple:   dpeg_three_leaves_temple

Skill      XL: |  1  2  3  4  5  6  7  8  9 10 11 |
---------------+----------------------------------+-----
Fighting       | 3 4 5 6 7 9 11 12 | 12.3
Maces & Flails | 3 4 5 6 7 9 11 12 | 12.4
Dodging        | 3 4 5 7 8 9 |  9.0
Throwing       | |  2.0

Action                   |  1- 3 |  4- 6 |  7- 9 | 10-12 || total
-------------------------+-------+-------+-------+-------++-------
Melee: Flail             |   127 |   186 |     9 |       ||   322
       Halberd           |       |       |   167 |       ||   167
       Whip              |       |       |   117 |   549 ||   666
       Punch             |       |       |     1 |     7 ||     8
Throw: Throwing net      |     3 |     1 |       |     1 ||     5
       Large rock        |       |     2 |     6 |    20 ||    28
       Dart              |       |       |       |     7 ||     7
Evoke: Wand              |       |     6 |       |       ||     6
  Use: Potion            |     1 |       |     2 |     1 ||     4
       Scroll            |       |     2 |     9 |     8 ||    19
 Stab: Sleeping          |     1 |     1 |       |       ||     2
       Held in net/web   |       |       |       |     3 ||     3
Armor: Robe              |    40 |    41 |    61 |    55 ||   197
Dodge: Dodged            |    83 |    73 |   177 |   235 ||   568
